Map: New Repugnancy LE

Players

souL - Winner!

  • Race: Terran Terran
  • Spawn Location: 7:00

BraneloB

  • Race: Zerg Zerg
  • Spawn Location: 1:00

Event: 2019 WCS Summer

VOD

Have the link to the VOD?

Description

Time

  • Played on: July 12, 2019, 6:18 a.m.
  • Length: 8:01

All games in this series

Show
View Real Time Build Order
Export as new Build Order

souL Terran - Winner!

Build Orders: Reaper Expand, Hellion Banshee 

Get SALT Encoding   

  12  0:00  SCV  
  13  0:13  SCV  
  14  0:17  Supply Depot  
  14  0:25  SCV  
  15  0:39  SCV  
  15  0:40  Barracks  
  16  0:46  Refinery  
  16  0:51  SCV  
  17  1:03  SCV  
  18  1:15  SCV  
  19  1:27  Orbital Command  
  19  1:28  Reaper  
  20  1:42  Command Center  
  20  1:53  Supply Depot  
  20  1:54  SCV  
  20  2:00  Marine  
  22  2:06  SCV  
  23  2:11  Factory  
  22  2:18  SCV  
  22  2:21  Refinery  
  23  2:23  Barracks Reactor  
  23  2:30  SCV  
  24  2:42  SCV  
  25  2:55  SCV, Starport  
  25  2:56  Orbital Command  
  26  3:02  Hellion x2  
  30  3:07  SCV  
  30  3:09  Barracks Tech Lab  
  31  3:24  Hellion x2  
  34  3:28  Supply Depot  
  33  3:34  Orbital Command  
  33  3:38  Supply Depot  
  28  3:45  SCV  
  28  3:49  Banshee  
  31  3:57  SCV  
  31  4:00  SCV, Supply Depot  
  33  4:07  Hellion  
  36  4:10  SCV  
  36  4:12  SCV, Hellion  
  39  4:20  Barracks Tech Lab  
  39  4:21  Cloaking Field  
  39  4:22  SCV  
  39  4:24  SCV  
  41  4:31  Supply Depot  
  41  4:34  SCV  
  41  4:35  Banshee  
  41  4:36  SCV  
  46  4:46  SCV  
  46  4:47  Hellion  
  46  4:48  SCV  
  46  4:49  Hellion  
  52  4:56  Supply Depot  
  52  4:58  SCV  
  53  5:00  SCV  
  52  5:10  SCV  
  52  5:12  SCV  
  54  5:15  Barracks Tech Lab  
  54  5:19  Factory Reactor  
  54  5:22  SCV  
  54  5:24  Barracks, SCV  
  54  5:26  Barracks  
  56  5:34  SCV  
  56  5:36  Command Center  
  56  5:38  SCV  
  57  5:43  Stimpack  
  57  5:46  SCV  
  58  5:50  Marine, SCV  
  58  5:51  Starport Reactor  
  58  5:53  Supply Depot  
  60  5:58  SCV  
  62  6:04  Engineering Bay x2  
  62  6:05  Siege Tank  
  62  6:08  Marine  
  62  6:09  SCV  
  62  6:11  SCV  
  67  6:17  Marine  
  68  6:19  Marine  
  68  6:21  SCV  
  68  6:25  Marine, Refinery  
  70  6:26  Marine x2, Refinery  
  73  6:35  Marine  
  73  6:36  Medivac  
  73  6:37  Marine  
  77  6:43  Marine  
  78  6:47  Marine x2  
  78  6:48  SCV  
  78  6:52  Orbital Command, Marine  
  78  6:54  SCV  
  83  6:55  Marine  
  83  7:00  SCV  
  85  7:01  Marine  
  85  7:05  Marine x2, Supply Depot  
  85  7:06  SCV, Supply Depot  
  89  7:10  Marine  
  89  7:11  Medivac  
  89  7:12  Marine  
  93  7:16  Medivac  
  93  7:19  Orbital Command  
  93  7:26  Marine x3, SCV x2  
  93  7:28  Marine  
  93  7:29  Supply Depot  
  99  7:30  Marine  
  100  7:38  Missile Turret, SCV x2  
Show
View Real Time Build Order
Export as new Build Order

BraneloB Zerg 

Build Orders: Pool First 

Get SALT Encoding   

  12  0:00  Drone  
  13  0:12  Overlord  
  13  0:16  Drone  
  14  0:31  Drone x2  
  14  0:34  Drone  
  17  0:45  Drone, Extractor  
  17  0:51  Spawning Pool  
  17  0:55  Drone  
  17  1:16  Hatchery  
  16  1:37  Zergling x2  
  16  1:38  Zergling x4  
  19  1:40  Queen  
  21  1:47  Metabolic Boost  
  21  1:59  Overlord  
  21  2:14  Baneling Nest  
  20  2:15  Zergling x4  
  20  2:22  Zergling x2  
  23  2:28  Zergling x2  
  24  2:32  Zergling x2  
  25  2:39  Zergling x2  
  26  2:45  Zergling x2  
  26  2:48  Zergling x6  
  30  2:57  Baneling x5  
  30  2:59  Zergling x2  
  31  3:07  Baneling  
  31  3:12  Zergling x4  
  33  3:16  Zergling x2  
  27  3:39  Drone x3  
  27  3:40  Drone  
  25  3:48  Queen  
  27  3:52  Drone  
  28  3:56  Drone x2  
  28  3:59  Drone  
  31  4:04  Drone  
  31  4:06  Drone  
  31  4:07  Drone  
  34  4:13  Overlord  
  34  4:17  Drone  
  34  4:18  Drone  
  34  4:22  Overlord  
  36  4:36  Drone x4  
  40  4:52  Extractor  
  39  4:56  Spore Crawler  
  39  4:57  Drone x2  
  39  4:58  Drone  
  39  4:59  Drone  
  42  5:02  Roach Warren, Spore Crawler  
  42  5:05  Hatchery  
  37  5:09  Queen  
  38  5:17  Zergling x6  
  38  5:18  Zergling x2  
  38  5:19  Spore Crawler  
  41  5:27  Zergling x2  
  41  5:28  Zergling x6  
  45  5:40  Lair  
  45  5:43  Extractor  
  45  5:44  Extractor  
  45  5:48  Overlord  
  43  5:51  Drone x5  
  43  5:52  Drone  
  43  5:56  Roach  
  51  6:05  Overlord  
  51  6:07  Roach x3  
  57  6:13  Overlord  
  56  6:19  Drone  
  56  6:20  Drone x3  
  60  6:28  Drone  
  60  6:31  Roach x2  
  65  6:38  Overseer  
  62  6:45  Roach  
  62  6:46  Roach, Overlord x2  
  66  6:47  Nydus Network  
  66  6:48  Zergling x2  
  66  6:49  Zergling x2, Overlord  
  66  6:53  Roach  
  69  7:00  Overlord  
  69  7:04  Zergling x2, Queen  
  69  7:07  Overlord  
  72  7:09  Roach x2  
  72  7:14  Roach  
  74  7:24  Nydus Canal  
  74  7:25  Overseer  
  74  7:31  Roach  
  74  7:32  Roach x2  
  74  7:35  Roach x3  
Tags
 
Add a new tag
Caveats
  • Supply blocks, unpowered buildings, or Contaminate may cause inaccurate times.
  • Supply counts are checked every 10 seconds.